 Dungeon Crawl Stone Soup version 0.31-a0-700-gf13585253f (webtiles) character file.

Game seed: 13572147609932550015

2096 qw the Skirmisher (level 9, -3/56 HPs)
             Began as a Gargoyle Hunter on Sept 7, 2023.
             Was a Follower of Okawaru.
             Killed by divine providence
             ... invoked by Jeremiah
              (12 damage)
             ... on level 7 of the Dungeon.
             The game lasted 00:02:51 (5325 turns).

qw the Skirmisher (Gargoyle Hunter)                 Turns: 5325, Time: 00:02:52

Health: -3/56      AC: 10    Str: 16    XL:     9   Next: 27%
Magic:  8/10       EV: 17    Int:  9    God:    Okawaru [*.....]
Gold:   233        SH:  0    Dex: 19    Spells: 8/8 levels left

rFire   + . .        Y - +0 longbow (elec)
rCold   + . .        (shield currently unavailable)
rNeg    + . .        b - +2 robe {rC+ rF+}
rPois   inf          (helmet restricted)
rElec   +            (no cloak)
rCorr   .            (no gloves)
SInv    .            (no boots)
Will    .....        j - amulet of faith
Stlth   ++++         (no ring)
HPRegen 0.29/turn    (no ring)
MPRegen 0.12/turn

%: faith
@: about to teleport, heroic
A: sickness immunity, AC +6, negative energy resistance 1, electricity
resistance, torment resistance 1, petrification resistance, antennae 1, thin
skeletal structure 1, low MP 1, screaming 1
a: Renounce Religion, Heroism


You were on level 7 of the Dungeon.
You worshipped Okawaru.
Okawaru was aware of your devotion.
You visited 1 branch of the dungeon, and saw 7 of its levels.

You collected 331 gold pieces.
You spent 98 gold pieces at shops.


Innate Abilities, Weirdness & Mutations

You are immune to sickness and miasma.
Your stone body is resilient. (AC +6)
You are immune to poison.
You resist negative energy. (rN+)
You are resistant to electric shocks. (rElec)
You are resistant to unholy torment.
You are immune to petrification.
You have a pair of small antennae on your head.
You have a somewhat thin skeletal structure. (Dex +2, Stealth+)
Your magical capacity is low. (-10% MP)
You occasionally shout uncontrollably at your foes.


   Skills:
 + Level 6.4(11.4) Fighting
 - Level 10.0(15.0) Ranged Weapons
 - Level 1.0(6.0) Armour
 - Level 3.1(8.1) Dodging
 - Level 1.1(6.1) Stealth
 - Level 4.1 Invocations


You had 8 spell levels left.
You didn't know any spells.
Your spell library was empty.

Inventory:

Hand Weapons
 Y - a +0 longbow of electrocution (weapon)
Armour
 b - a +2 robe of resistance (worn)
Jewellery
 e - a ring of ice
 j - an amulet of faith (around neck)
Scrolls
 c - 2 scrolls of identify
 g - 3 scrolls of enchant armour
Potions
 f - a potion of magic
 h - a potion of might
 k - a potion of haste
 l - 2 potions of curing
 m - 3 potions of enlightenment

Dungeon Overview and Level Annotations

Branches:
Dungeon (7/15)             Temple (0/1) D:5

Altars:
Elyvilon
Gozag
Kikubaaqudgha
Nemelex Xobeh
Okawaru

Shops:
D:3 *

Annotations:
D:5 Duvessa
D:7 Jeremiah


Message History

Jeremiah shouts, "O dreadful one, destroy my foe!"
Something smites you!
5298 ||| READING scroll labelled VUIRGHI VELO.
As you read the scroll labelled VUIRGHI VELO, it crumbles to dust.
Your body is wracked with pain!
Jeremiah convulses!
It was a scroll of torment.
Jeremiah shouts, "Stop it!
Stop making me do this!"
The butterfly disappears in a burst of colours! x2
Jeremiah asks, "Where am I?
Why are you fighting me?"
The butterfly disappears in a burst of colours!
Enter note: You shoot an arrow.
The arrow barely misses the butterfly.
The arrow misses the butterfly.
The arrow hits the butterfly.
You kill the butterfly!
The butterfly disappears in a burst of colours!
The butterfly disappears in a burst of colours!
Jeremiah's eyes close briefly, then snap open.
The butterfly disappears in a burst of colours!
The butterfly disappears in a burst of colours!
The butterfly disappears in a burst of colours!
Enter note: You shoot an arrow.
The arrow barely misses the butterfly.
The arrow hits the butterfly.
You kill the butterfly!
The butterfly disappears in a burst of colours!
You feel like a meek peon again.
5321 ||| INVOKING Heroism.
You gain the combat prowess of a mighty hero.
Jeremiah cries, "Fearful master, protect me!"
Something smites you!
Jeremiah shouts, "O dreadful one, destroy my foe!"
Something smites you!
5323 ||| READING scroll of teleportation.
As you read the scroll of teleportation, it crumbles to dust.
You feel strangely unstable.
The butterfly disappears in a burst of colours!
The butterfly disappears in a burst of colours!
Jeremiah throws their arms up pleadingly.
Something smites you!
You die...
Jeremiah asks, "What happened?
Did... did you die?"

#### #.###################
...# #.#.............:..<#
...# #.#.#################
...# #.#.#
...#######.#.###############
.......................F....
.#########.#.###....KK)####
.# ...#.# #)#####.# .#
##..#.# #@# # .# ...#.# #b#
.# ...##.# #.# .##.# ####
#.# #b# .##.# ######.#


#Fb .##.# #......##### .##.# #.#........# .##.# #.##.#####.# .##.# #)##....<#
You could see Jeremiah.

Vanquished Creatures
  Menkaure (D:4)
  A water moccasin (D:6)
  3 orc warriors
  A phantom (D:4)
  A bullfrog (D:6)
  3 kobold brigands
  Blork the orc (D:7)
  A scorpion (D:4)
  2 wights (D:7)
  Dowan (D:5)
  2 vampire bats (D:6)
  2 hounds
  2 jellies
  3 orc priests
  A gnoll bouda (D:7)
  A sleepcap (D:4)
  Jessica (D:3)
  3 iguanas
  Natasha (D:3)
  6 orc wizards
  14 gnolls
  7 adders
  A shadow imp (D:6)
  A white imp (D:7)
  2 ufetubi
  2 worms
  A dart slug (D:2)
  19 orcs
  4 bat skeletons (D:6)
  2 bat zombies (D:6)
  8 endoplasms
  3 giant cockroaches
  7 goblins
  8 hobgoblins
  5 jackals
  16 kobolds
  A quokka (D:3)
  2 ball pythons
  5 bats
  3 frilled lizards
  6 rats
154 creatures vanquished.

Notes
Turn   | Place    | Note
-------+----------+-------------------------------------------
     0 | D:1      | qw the Gargoyle Hunter began the quest for the Orb.
     0 | D:1      | Reached XP level 1. HP: 12/12 MP: 1/1
     0 | D:1      | 0 ||| qw: Version: 0.3-a-76-g4403597
     0 | D:1      | 0 ||| qw: Game counter: 519
     0 | D:1      | 0 ||| qw: Melee chars always use a shield: true
     0 | D:1      | 0 ||| qw: God list: Okawaru
     0 | D:1      | 0 ||| qw: Allow faded altars: false
     0 | D:1      | 0 ||| qw: Do Orc after clearing Dungeon:15 true
     0 | D:1      | 0 ||| qw: Do second Lair branch before Depths: true
     0 | D:1      | 0 ||| qw: Lair rune preference: random
     0 | D:1      | 0 ||| qw: Goals: Normal
     0 | D:1      | 0 ||| PLANNING D:1-11
    92 | D:1      | Reached XP level 2. HP: 17/17 MP: 2/2
   107 | D:1      | 107 ||| Stepping ~*~*~tactically~*~*~ (retreating).
   108 | D:1      | 108 ||| Stepping ~*~*~tactically~*~*~ (retreating).
   109 | D:1      | 109 ||| Stepping ~*~*~tactically~*~*~ (retreating).
   111 | D:1      | 111 ||| Stepping ~*~*~tactically~*~*~ (retreating).
   112 | D:1      | 112 ||| Stepping ~*~*~tactically~*~*~ (retreating).
   113 | D:1      | 113 ||| Stepping ~*~*~tactically~*~*~ (retreating).
   114 | D:1      | 114 ||| Stepping ~*~*~tactically~*~*~ (retreating).
   115 | D:1      | 115 ||| Stepping ~*~*~tactically~*~*~ (retreating).
   311 | D:1      | Reached XP level 3. HP: 16/21 MP: 3/3
   447 | D:1      | Reached skill level 5 in Ranged Weapons
   504 | D:1      | 504 ||| UPGRADING to +0 ring mail.
   514 | D:1      | 514 ||| DROPPING +0 leather armour.
   515 | D:1      | 515 ||| READING 3 scrolls labelled JIMEOH LENGARGH.
   520 | D:1      | 520 ||| READING scroll labelled ETZUXZ EDIVUETOU.
   521 | D:1      | 521 ||| READING 3 scrolls labelled HEOCIOZXAN.
   522 | D:1      | 522 ||| READING scroll labelled MUOLEW PILAPUP.
   523 | D:1      | 523 ||| READING 2 scrolls labelled SOKHLA WUNKO.
   524 | D:1      | 524 ||| DRINKING 2 sapphire potions.
   525 | D:1      | 525 ||| DRINKING 2 smoky grey potions.
   526 | D:1      | 526 ||| DROPPING scroll of butterflies.
   527 | D:1      | 527 ||| DROPPING potion of brilliance.
   528 | D:1      | 528 ||| DROPPING scroll of amnesia.
   569 | D:2      | Reached skill level 1 in Armour
   978 | D:2      | Reached skill level 3 in Fighting
   978 | D:2      | Reached XP level 4. HP: 28/28 MP: 4/4
  1028 | D:2      | 1028 ||| DROPPING scarf of invisibility.
  1029 | D:2      | 1029 ||| READING scroll labelled ORPHOWNOUSE.
  1030 | D:2      | 1030 ||| READING 3 scrolls of identify.
  1030 | D:2      | 1030 ||| IDENTIFYING clear potion
  1031 | D:2      | 1031 ||| READING 2 scrolls of identify.
  1031 | D:2      | 1031 ||| IDENTIFYING fizzy dark potion
  1032 | D:2      | 1032 ||| DROPPING potion of berserk rage.
  1053 | D:3      | Found Ubruiff's General Store.
  1056 | D:3      | 1056 ||| BUYING potion of enlightenment (70 gold).
  1056 | D:3      | Bought a potion of enlightenment for 70 gold pieces
  1056 | D:3      | 1056 ||| BUYING scroll of identify (28 gold).
  1056 | D:3      | Bought a scroll of identify for 28 gold pieces
  1145 | D:3      | 1145 ||| RETREATING.
  1153 | D:3      | 1153 ||| RETREATING.
  1272 | D:3      | Noticed Jessica
  1280 | D:3      | Killed Jessica
  1281 | D:3      | Reached XP level 5. HP: 27/32 MP: 5/5
  1375 | D:3      | Reached skill level 6 in Ranged Weapons
  1536 | D:3      | Noticed Natasha
  1538 | D:3      | Killed Natasha
  1866 | D:3      | 1866 ||| READING scroll labelled TUSTRI MEOGG.
  1867 | D:3      | 1867 ||| READING scroll labelled NIUPPI TAED.
  1868 | D:3      | 1868 ||| DRINKING 2 fuming cyan potions.
  1868 | D:3      | Gained mutation: You are agile. (Dex +4, Str/Int -1)
                  | [potion of mutation]
  1868 | D:3      | Gained mutation: Your mind is acute. (Int +4, Str/Dex -1)
                  | [potion of mutation]
  1868 | D:3      | Gained mutation: You occasionally lose the ability to drink
                  | potions when taking damage. [potion of mutation]
  1869 | D:3      | 1869 ||| DRINKING potion of mutation.
  1869 | D:3      | Lost mutation: You are agile. (Dex +4, Str/Int -1) [potion
                  | of mutation]
  1869 | D:3      | Lost mutation: You occasionally lose the ability to drink
                  | potions when taking damage. [potion of mutation]
  1869 | D:3      | Lost mutation: Your mind is acute. (Int +4, Str/Dex -1)
                  | [potion of mutation]
  1869 | D:3      | Gained mutation: You have a somewhat thin skeletal
                  | structure. (Dex +2, Stealth+) [potion of mutation]
  1869 | D:3      | Gained mutation: You occasionally shout uncontrollably at
                  | your foes. [potion of mutation]
  1869 | D:3      | Gained mutation: Your magical capacity is low. (-10% MP)
                  | [potion of mutation]
  1869 | D:3      | Gained mutation: You have a pair of small antennae on your
                  | head. [potion of mutation]
  1870 | D:3      | 1870 ||| READING 3 scrolls of identify.
  1870 | D:3      | 1870 ||| IDENTIFYING yellow potion
  1921 | D:4      | Found a white marble altar of Elyvilon.
  2022 | D:4      | Reached XP level 6. HP: 28/38 MP: 5/5
  2062 | D:4      | 2062 ||| FLEEEEING.
  2101 | D:4      | 2101 ||| DRINKING potion of curing.
  2101 | D:4      | 2101 ||| (to cure confusion)
  2170 | D:4      | Found a sparkling altar of Nemelex Xobeh.
  2215 | D:4      | HP: 9/38 [something (3)]
  2216 | D:4      | 2216 ||| DRINKING 2 potions of heal wounds.
  2356 | D:4      | Noticed Menkaure
  2357 | D:4      | 2357 ||| RETREATING.
  2361 | D:4      | 2361 ||| Stepping ~*~*~tactically~*~*~ (retreating).
  2362 | D:4      | 2362 ||| Stepping ~*~*~tactically~*~*~ (retreating).
  2363 | D:4      | 2363 ||| Stepping ~*~*~tactically~*~*~ (retreating).
  2371 | D:4      | Killed Menkaure
  2372 | D:4      | Reached skill level 7 in Ranged Weapons
  2372 | D:4      | Reached XP level 7. HP: 28/43 MP: 6/6
  2461 | D:4      | 2461 ||| DRINKING potion of curing.
  2461 | D:4      | 2461 ||| (to cure confusion)
  2473 | D:4      | 2473 ||| FLEEEEING.
  2474 | D:4      | 2474 ||| FLEEEEING.
  2475 | D:4      | 2475 ||| FLEEEEING.
  2476 | D:4      | 2476 ||| FLEEEEING.
  2477 | D:4      | 2477 ||| FLEEEEING.
  2478 | D:4      | 2478 ||| FLEEEEING.
  2479 | D:4      | 2479 ||| FLEEEEING.
  2480 | D:4      | 2480 ||| FLEEEEING.
  2481 | D:4      | 2481 ||| FLEEEEING.
  2482 | D:4      | 2482 ||| FLEEEEING.
  2483 | D:4      | 2483 ||| FLEEEEING.
  2484 | D:4      | 2484 ||| FLEEEEING.
  2486 | D:4      | 2486 ||| FLEEEEING.
  2487 | D:4      | 2487 ||| FLEEEEING.
  2488 | D:4      | 2488 ||| FLEEEEING.
  2489 | D:4      | 2489 ||| FLEEEEING.
  2490 | D:4      | 2490 ||| FLEEEEING.
  2491 | D:4      | 2491 ||| FLEEEEING.
  2492 | D:4      | 2492 ||| STAIRDANCE
  2513 | D:3      | 2513 ||| DRINKING 2 smoky green potions.
  2544 | D:3      | 2544 ||| READING 2 scrolls of identify.
  2544 | D:3      | 2544 ||| IDENTIFYING smoky coppery potion
  2545 | D:3      | 2545 ||| DROPPING potion of lignification.
  2546 | D:3      | 2546 ||| DROPPING potion of invisibility.
  2623 | D:4      | Reached skill level 8 in Ranged Weapons
  3072 | D:4      | 3072 ||| UPGRADING to +1 robe of resistance.
  3082 | D:4      | 3082 ||| READING 2 scrolls of enchant armour.
  3082 | D:4      | 3082 ||| ENCHANTING +1 robe of resistance.
  3083 | D:4      | 3083 ||| DROPPING +0 ring mail.
  3122 | D:5      | Entered Level 5 of the Dungeon
  3125 | D:5      | Found an iron altar of Okawaru.
  3126 | D:5      | 3126 ||| PLANNING OKAWARU WORSHIP
  3150 | D:5      | Became a worshipper of Warmaster Okawaru
  3151 | D:5      | 3151 ||| PLANNING D:1-11
  3271 | D:5      | Found an opulent altar of Gozag.
  3450 | D:5      | Found a staircase to the Ecumenical Temple.
  3691 | D:5      | Noticed Duvessa
  3691 | D:5      | Noticed Dowan
  3706 | D:5      | HP: 11/44 [Duvessa/+0 short sword (9)]
  3707 | D:5      | 3707 ||| READING 3 scrolls of teleportation.
  3708 | D:5      | 3708 ||| DRINKING 2 potions of heal wounds.
  3782 | D:5      | Killed Dowan
  3786 | D:5      | HP: 11/44 [Duvessa/+0 short sword (4)]
  3787 | D:5      | 3787 ||| READING 2 scrolls of teleportation.
  3787 | D:5      | HP: 2/44 [Duvessa/+0 short sword (10)]
  3788 | D:5      | 3788 ||| DRINKING potion of heal wounds.
  4025 | D:5      | Reached XP level 8. HP: 49/49 MP: 7/7
  4354 | D:5      | 4354 ||| UPGRADING to amulet of faith.
  4359 | D:5      | 4359 ||| READING scroll labelled ZOCYADD AHYCZIYNE.
  4360 | D:5      | 4360 ||| READING scroll labelled JELUPUILUU.
  4360 | D:5      | Identified a scroll of acquirement
  4360 | D:5      | 4360 ||| ACQUIRING +0 longbow of electrocution
  4360 | D:5      | Acquired a +0 longbow of electrocution
  4362 | D:5      | 4362 ||| SWAPPING to +0 longbow of electrocution.
  4363 | D:5      | 4363 ||| DROPPING +0 shortbow of freezing.
  4364 | D:5      | 4364 ||| READING scroll labelled TANLEA YMPUA.
  4365 | D:5      | 4365 ||| DRINKING 2 black potions.
  4366 | D:5      | 4366 ||| READING 2 scrolls of identify.
  4366 | D:5      | 4366 ||| IDENTIFYING silvery potion
  4367 | D:5      | 4367 ||| DROPPING potion of attraction.
  4368 | D:5      | 4368 ||| DROPPING potion of degeneration.
  4392 | D:6      | 4392 ||| Stepping ~*~*~tactically~*~*~ (outnumbered).
  4407 | D:6      | Reached skill level 9 in Ranged Weapons
  4437 | D:6      | 4437 ||| Stepping ~*~*~tactically~*~*~ (outnumbered).
  4438 | D:6      | 4438 ||| Stepping ~*~*~tactically~*~*~ (outnumbered).
  4439 | D:6      | 4439 ||| Stepping ~*~*~tactically~*~*~ (outnumbered).
  4444 | D:6      | 4444 ||| Stepping ~*~*~tactically~*~*~ (outnumbered).
  4445 | D:6      | 4445 ||| Stepping ~*~*~tactically~*~*~ (outnumbered).
  4446 | D:6      | 4446 ||| Stepping ~*~*~tactically~*~*~ (outnumbered).
  4573 | D:6      | Reached * piety under Okawaru
  4574 | D:6      | Reached skill level 6 in Fighting
  4696 | D:6      | 4696 ||| INVOKING Heroism.
  4700 | D:6      | Reached skill level 1 in Invocations
  4891 | D:6      | Found an ancient bone altar of Kikubaaqudgha.
  4988 | D:6      | 4988 ||| READING scroll labelled EROR VURUETAF.
  4989 | D:6      | 4989 ||| READING 4 scrolls of identify.
  4989 | D:6      | 4989 ||| IDENTIFYING green potion
  4990 | D:6      | 4990 ||| READING 3 scrolls of identify.
  4990 | D:6      | 4990 ||| IDENTIFYING golden potion
  5032 | D:7      | 5032 ||| INVOKING Heroism.
  5035 | D:7      | 5035 ||| Stepping ~*~*~tactically~*~*~ (retreating).
  5037 | D:7      | 5037 ||| Stepping ~*~*~tactically~*~*~ (retreating).
  5038 | D:7      | 5038 ||| Stepping ~*~*~tactically~*~*~ (retreating).
  5039 | D:7      | 5039 ||| Stepping ~*~*~tactically~*~*~ (retreating).
  5040 | D:7      | 5040 ||| Stepping ~*~*~tactically~*~*~ (retreating).
  5047 | D:7      | 5047 ||| Stepping ~*~*~tactically~*~*~ (retreating).
  5049 | D:7      | Reached skill level 3 in Invocations
  5053 | D:7      | 5053 ||| INVOKING Heroism.
  5109 | D:7      | 5109 ||| INVOKING Heroism.
  5116 | D:7      | Reached XP level 9. HP: 52/55 MP: 7/10
  5126 | D:7      | Noticed Blork the orc
  5129 | D:7      | 5129 ||| INVOKING Heroism.
  5132 | D:7      | Killed Blork the orc
  5159 | D:7      | Reached skill level 3 in Dodging
  5161 | D:7      | Reached skill level 10 in Ranged Weapons
  5269 | D:7      | Noticed Jeremiah
  5270 | D:7      | 5270 ||| Stepping ~*~*~tactically~*~*~ (retreating).
  5271 | D:7      | 5271 ||| Stepping ~*~*~tactically~*~*~ (retreating).
  5272 | D:7      | 5272 ||| Stepping ~*~*~tactically~*~*~ (retreating).
  5273 | D:7      | 5273 ||| Stepping ~*~*~tactically~*~*~ (retreating).
  5274 | D:7      | 5274 ||| RETREATING.
  5291 | D:7      | 5291 ||| INVOKING Heroism.
  5298 | D:7      | 5298 ||| READING scroll labelled VUIRGHI VELO.
  5321 | D:7      | 5321 ||| INVOKING Heroism.
  5322 | D:7      | HP: 8/56 [Jeremiah/divine providence (9)]
  5323 | D:7      | 5323 ||| READING scroll of teleportation.
  5325 | D:7      | Killed from afar by Jeremiah

Levels and vault maps discovered:
D:1:      onia_arrival_mini_spirals, layout_rooms, minmay_tree_intersection
D:2:      layout_basic, st_stairs_6, kennysheep_generic_room_5
D:3:      layout_basic, serial_shops, shop, uniq_jessica, uniq_natasha
D:4:      layout_gridville, old_standard_altar,
          mainiacjoe_overflow_cross_hatched, uniq_menkaure
D:5:      layout_loops_corners, mainiacjoe_overflow_alcove_2, okawaru_trees_1,
          minmay_temple_entry_fiery, uniq_duvessa
D:6:      layout_cave_pools, kennysheep_vampire_church
D:7:      layout_basic, sword_in_stone, uniq_jeremiah

Skill      XL: |  1  2  3  4  5  6  7  8  9 |
---------------+----------------------------+-----
Ranged Weapons | 5 6 7 8 9 10 | 10.0
Armour         | 1 |  1.0
Fighting       | 3 4 5 6 |  6.4
Dodging        | 2 3 |  3.1
Invocations    | 3 4 |  4.1
Stealth        | |  1.1

Action                     |  1- 3 |  4- 6 |  7- 9 || total
---------------------------+-------+-------+-------++-------
   Fire: Shortbow          |   131 |   154 |   210 ||   495
         Longbow           |       |       |   132 ||   132
 Invoke: Heroism           |       |       |     7 ||     7
    Use: Scroll            |     5 |     6 |    13 ||    24
         Potion            |     2 |     4 |     5 ||    11
 Armour: Leather armour    |    24 |       |       ||    24
         Ring mail         |    20 |   105 |    62 ||   187
         Robe              |       |       |   115 ||   115
  Dodge: Dodged            |    38 |    45 |   144 ||   227

Table legend:
 A = Non-vault XP
 B = Vault XP
 C = Vault XP percentage of total XP
 D = Non-vault monster count
 E = Vault monster count
 F = Vault count percentage of total count
                 A         B        C        D         E       F
            +---------+---------+-------+---------+---------+-------
      Total |    2052 |     943 |  31.5 |     133 |      21 |  13.6
            +---------+---------+-------+---------+---------+-------
        D:1 |      39 |       0 |   0.0 |      23 |       0 |   0.0
        D:2 |      44 |      10 |  18.5 |      13 |       4 |  23.5
        D:3 |     131 |      72 |  35.5 |      15 |       2 |  11.8
        D:4 |     547 |     169 |  23.6 |      31 |       1 |   3.1
        D:5 |     134 |      69 |  34.0 |      10 |       1 |   9.1
        D:6 |     745 |     122 |  14.1 |      22 |       8 |  26.7
        D:7 |     412 |     501 |  54.9 |      19 |       5 |  20.8
            +---------+---------+-------+---------+---------+-------
